 Dungeon Crawl Stone Soup version 0.22.0 (webtiles) character file.

4410 Matezma the Grappler (level 10, -5/104 HPs)
             Began as a Troll Berserker on Oct 28, 2018.
             Was an Elder of Trog.
             Splashed by a brown ugly thing's acid (7 damage)
             ... on level 10 of the Dungeon.
             The game lasted 00:38:13 (5627 turns).

Matezma the Grappler (Troll Berserker)              Turns: 5627, Time: 00:38:17

Health: -5/104     AC:  1    Str: 28    XL:     10   Next: 14%
Magic:  9/9        EV: 16    Int:  3    God:    Trog [****..]
Gold:   424        SH:  0    Dex: 11    Spells: 9/9 levels left

rFire    . . .     SeeInvis .     - Unarmed
rCold    . . .     Gourm    +   (no shield)
rNeg     . . .     Faith    .   a - +0 animal skin
rPois    .         Spirit   .   (helmet restricted)
rElec    .         Reflect  .   (no cloak)
rCorr    .         Harm     .   (gloves unavailable)
MR       .....                  (boots unavailable)
Stlth    +.........             B - amulet of regeneration (curse)
HPRegen  1.07/turn              m - ring of flight
MPRegen  0.11/turn              t - +3 ring of evasion

@: corroded
A: large, unfitting armour, claws 3, fast metabolism 3, gourmand, regeneration
1, shaggy fur 1, tough skin 2
a: Berserk, Trog's Hand, Brothers in Arms, Renounce Religion, Evoke Flight


You were on level 10 of the Dungeon.
You worshipped Trog.
Trog was greatly pleased with you.
You were not hungry.

You visited 1 branch of the dungeon, and saw 9 of its levels.

You collected 424 gold pieces.

Inventory:

Missiles
 e - 45 stones (quivered)
Armour
 a - a +0 animal skin (worn)
Jewellery
 m - a ring of flight (left claw)
 t - a +3 ring of evasion (right claw)
 B - a cursed amulet of regeneration (around neck)
Wands
 o - a wand of disintegration (13)
 p - a wand of acid (6)
 E - a wand of digging (28)
Scrolls
 d - a scroll of fear {unknown}
 n - 3 scrolls of teleportation {unknown}
 q - a scroll of noise {unknown}
 s - 2 scrolls of fog {unknown}
 v - a scroll of blinking {unknown}
 y - a scroll of remove curse {unknown}
 A - a scroll of magic mapping {unknown}
 D - a scroll of enchant armour {unknown}
 F - a scroll of identify
 G - a scroll of random uselessness {unknown}
Potions
 c - a potion of brilliance {unknown}
 f - a potion of magic {unknown}
 g - 2 potions of degeneration {unknown}
 h - 2 potions of heal wounds {unknown}
 i - a potion of agility {unknown}
 j - a potion of ambrosia {unknown}
 k - 4 potions of curing
 l - a potion of haste {unknown}
 r - 3 potions of lignification {unknown}
 u - 2 potions of might {unknown}
 w - a potion of invisibility {unknown}
 x - a potion of flight {unknown}
 z - a potion of resistance {unknown}
Comestibles
 b - a ration


   Skills:
 + Level 7.7 Fighting
 + Level 7.6 Dodging
 + Level 9.1 Unarmed Combat


You had 9 spell levels left.
You didn't know any spells.
Your spell library was empty.

Dungeon Overview and Level Annotations

Branches:
Dungeon (10/15)            Temple (0/1) D:7            Lair (0/6) D:8
    Orc: D:9-12

Altars:
Cheibriados
Fedhas
Nemelex Xobeh
Qazlal


Innate Abilities, Weirdness & Mutations

You are too large for most types of armour.
You have claws for hands.
Your metabolism is lightning-fast.
You like to eat raw meat.
Your natural rate of healing is unusually fast.
You are covered in fur. (AC +1)
You have very tough skin. (AC +2)


Message History

The orc shouts!
You mangle the brown ugly thing!!
The brown ugly thing is almost dead.
The brown ugly thing barely misses you. The slime creature hits you.
* * * LOW HITPOINT WARNING * * *
You scratch the brown ugly thing.
The brown ugly thing is almost dead.
The brown ugly thing tentacle-slaps you.
* * * LOW HITPOINT WARNING * * *
The acid corrodes you!
You are splashed with acid!
The acid burns!
* * * LOW HITPOINT WARNING * * *
A scorpion comes into view.
You scratch the brown ugly thing but do no damage.
The brown ugly thing is almost dead.
The slime creature hits you!
* * * LOW HITPOINT WARNING * * *
The brown ugly thing tentacle-slaps you.
* * * LOW HITPOINT WARNING * * *
You are splashed with acid!
The acid burns!
You die...

#...####..##.#.###
###.........#......
......###...#.##.#
###..#..###.†.#..#
.....#....###....##
###..#.##...###...###
#..#.##.#...###...#
#..#......#....##...#
##.#.##.#.....@.#
#...#
#.#.##......Ju## #..
#.#.....#.#.#T# #
##.#..#.#.#.#.o#
#..............s
#..####.#.#.#.H#
#.)..###.#.#.#.#
#..#...### ....#
##.#.....###


You could see a brown ugly thing, a slime creature, a manticore, a troll, a
scorpion and an orc.

Vanquished Creatures
  A two-headed ogre (D:9)
  A centaur zombie (D:10)
  Joseph (D:10)
  A troll (D:9)
  A hornet (D:10)
  3 orc warriors
  A black bear (D:7)
  A sky beast (D:3)
  2 ice beasts
  A phantom (D:8)
  3 ogres
  A centaur (D:10)
  3 bullfrogs
  A big kobold (D:9)
  A water moccasin zombie (D:7)
  6 scorpions
  3 killer bees (D:7)
  A howler monkey (D:8)
  A crimson imp (D:9)
  2 bullfrog zombies
  An orc priest (D:10)
  2 bullfrog skeletons
  2 hounds
  7 orc wizards
  5 worker ants
  3 iguanas
  5 adders
  4 gnolls (D:2)
  2 shadow imps
  An ooze (D:3)
  A worm (D:3)
  3 dart slugs (D:3)
  19 orcs
  7 bats
  4 giant cockroaches
  6 hobgoblins
  16 jackals
  9 kobolds
  3 quokkas
  A ball python (D:2)
  5 frilled lizards
  2 goblins
  A jackal zombie (D:9)
  A leopard gecko skeleton (D:4)
  A quokka skeleton (D:9)
  7 rats
153 creatures vanquished.

Notes
Turn   | Place    | Note
-------+----------+-------------------------------------------
     0 | D:1      | Matezma the Troll Berserker began the quest for the Orb.
     0 | D:1      | Reached XP level 1. HP: 22/22 MP: 0/0
   121 | D:1      | Reached XP level 2. HP: 19/29 MP: 1/1
   927 | D:2      | Found a stormy altar of Qazlal.
  1040 | D:2      | Reached XP level 3. HP: 20/36 MP: 2/2
  1046 | D:2      | HP: 1/37 [gnoll/enchanted flail (5)]
  1051 | D:2      | Reached ** piety under Trog
  1117 | D:2      | Reached XP level 4. HP: 38/45 MP: 3/3
  1379 | D:3      | Noticed a sky beast
  1386 | D:3      | Killed a sky beast
  1386 | D:3      | Reached skill level 4 in Unarmed Combat
  1386 | D:3      | Reached XP level 5. HP: 48/54 MP: 4/4
  1601 | D:3      | Reached XP level 6. HP: 16/62 MP: 5/5
  1711 | D:3      | Found a sparkling altar of Nemelex Xobeh.
  2424 | D:4      | Reached skill level 5 in Unarmed Combat
  2597 | D:4      | Reached XP level 7. HP: 61/71 MP: 6/6
  2626 | D:4      | Reached *** piety under Trog
  2823 | D:5      | Entered Level 5 of the Dungeon
  3219 | D:5      | You fall through a shaft for 2 floors!
  3282 | D:7      | Found a staircase to the Ecumenical Temple.
  3517 | D:7      | Reached skill level 5 in Fighting
  3684 | D:7      | Reached skill level 5 in Dodging
  3684 | D:7      | Reached skill level 6 in Unarmed Combat
  3686 | D:7      | Reached XP level 8. HP: 74/80 MP: 7/7
  3764 | D:7      | Found a snail-covered altar of Cheibriados.
  4142 | D:8      | Found a blossoming altar of Fedhas.
  4215 | D:8      | Found a staircase to the Lair.
  4515 | D:9      | Reached skill level 7 in Unarmed Combat
  4620 | D:9      | Noticed a troll
  4636 | D:9      | Killed a troll
  4636 | D:9      | Reached XP level 9. HP: 46/91 MP: 8/8
  4637 | D:9      | Reached **** piety under Trog
  4875 | D:9      | Noticed a two-headed ogre
  4887 | D:9      | Killed a two-headed ogre
  4887 | D:9      | Reached skill level 8 in Unarmed Combat
  5366 | D:10     | Entered Level 10 of the Dungeon
  5446 | D:10     | Noticed Joseph
  5466 | D:10     | Killed Joseph
  5589 | D:10     | Reached skill level 9 in Unarmed Combat
  5589 | D:10     | Reached XP level 10. HP: 102/102 MP: 9/9
  5615 | D:10     | Noticed a brown ugly thing
  5624 | D:10     | Noticed a manticore
  5627 | D:10     | HP: 3/104 [slime creature (14)]
  5627 | D:10     | Splashed by a brown ugly thing's acid

Skill      XL: |  1  2  3  4  5  6  7  8  9 |
---------------+----------------------------+-----
Fighting       | 3 4 5 6 7 |  7.7
Dodging        | 3 4 5 6 7 |  7.6
Unarmed Combat | 4 5 6 7 9 |  9.1

Action                   |  1- 3 |  4- 6 |  7- 9 | 10-12 || total
-------------------------+-------+-------+-------+-------++-------
Melee: Unarmed           |    69 |   157 |   237 |    17 ||   480
       Punch             |     2 |     1 |     9 |     4 ||    16
  Use: Scroll            |       |       |     3 |       ||     3
       Potion            |       |       |     2 |       ||     2
  Eat: Chunk             |     6 |     6 |       |       ||    12
       Ration            |     1 |     2 |     8 |       ||    11
Armor: Animal skin       |    32 |    70 |    29 |       ||   131
Dodge: Dodged            |    48 |    85 |   155 |     9 ||   297
